A+
SAN JOSE GIANTS @ JUPITER HAMMERHEADS
04/24/2024
 
TOP OF THE 1ST
San Jose Giants batting - Pitching for Jupiter Hammerheads : LHP Brandon Williamson
Pitching: LHP Brandon Williamson
Batting: RHB Tim Tawa 0-0: Ball
1-0: Swinging Strike
1-1: Foul Ball, location: 3SF
1-2: DOUBLE (Line Drive, 9LS, EV 89.4 MPH)
Batting: RHB Adrian Sugastey 0-0: Foul Ball, location: 25F
0-1: Fly out, F4 (Popup, 4S, EV 69.4 MPH)
Batting: SHB Geraldo Quintero 0-0: Called Strike
0-1: SINGLE (Line Drive, 9S, EV 103.1 MPH)
Tim Tawa to third
Batting: LHB Jesse Franklin V 0-0: Called Strike
0-1: Fly out, F9 (Flyball, 9, EV 96.3 MPH)
Runner from 3rd tags up, SCORES, throw by RF
Batting: RHB Ricardo Genoves 0-0: Ball
1-0: Foul Ball, location: 25FF
1-1: Ball
2-1: Called Strike
2-2: Strikes out looking
Top of the 1st over - 1 run, 2 hits, 0 errors, 1 left on base; San Jose 1 - Jupiter 0
BOTTOM OF THE 1ST
Jupiter Hammerheads batting - Pitching for San Jose Giants : RHP Mick Abel
Pitching: RHP Mick Abel
Batting: SHB D'Shawn Knowles 0-0: Fly out, F8 (Flyball, 8LM, EV 91.9 MPH)
Batting: RHB Stanley Consuegra 0-0: SINGLE (Line Drive, 78S, EV 98.1 MPH)
Batting: LHB Tyler Callihan 0-0: Foul Ball, location: 7LDF
0-1: Ball
1-1: Called Strike
1-2: Foul Ball, location: 7LSF
1-2: Ball
2-2: Foul Ball, location: 9LDF
2-2: Foul Ball, location: 2RF
2-2: Foul Ball, location: 7LDF
2-2: Ball
3-2: SINGLE (Groundball, 6D, EV 102.5 MPH)
Stanley Consuegra to second
Stanley Consuegra to third
Batting: RHB Jeremiah Jackson 0-0: Ball
1-0: Foul Ball, location: 25F
1-1: Foul Ball, location: 2F
1-2: Ball
2-2: Ball
3-2: Fly out, F3 (Popup, 34S, EV 69.4 MPH)
Batting: LHB Colin Barber 0-0: Ball
1-0: Ball
2-0: Ball
3-0: Base on Balls
Tyler Callihan to second
Batting: SHB Luis Garcia 0-0: Ball
1-0: Foul Ball, location: 2F
1-1: Ball
2-1: Called Strike
2-2: Foul Ball, location: 2F
2-2: Ball
3-2: SINGLE (Flyball, 34D, EV 91.3 MPH)
Stanley Consuegra scores
Tyler Callihan to third
Colin Barber to second
Tyler Callihan scores
Colin Barber to third
Batting: RHB Jauri Custodio 0-0: Called Strike
0-1: Hit by Pitch
Luis Garcia to second
Batting: RHB Colin Burgess 0-0: Ball
1-0: Ball
2-0: Ball
3-0: Called Strike
3-1: Called Strike
3-2: Ground out 5-3 (Groundball, 15, EV 85.6 MPH)
Bottom of the 1st over - 2 runs, 3 hits, 0 errors, 3 left on base; San Jose 1 - Jupiter 2
TOP OF THE 2ND
San Jose Giants batting - Pitching for Jupiter Hammerheads : LHP Brandon Williamson
Batting: LHB Michael Turconi 0-0: Ball
1-0: Ball
2-0: Swinging Strike
2-1: Ball
3-1: SINGLE (Groundball, 4MD, EV 103.1 MPH)
Batting: RHB Keoni Cavaco 0-0: Ball
1-0: Swinging Strike
1-1: DOUBLE (Line Drive, 7LD, EV 102.5 MPH)
Michael Turconi to third
Batting: RHB Jasiah Dixon 0-0: Ground out 6-3 (Groundball, 6MD, EV 98.1 MPH)
Michael Turconi scores
Batting: LHB Luis Toribio 0-0: Ball
1-0: Ball
2-0: Ground out 4-3 (Groundball, 34, EV 80.0 MPH)
Keoni Cavaco to third
Batting: RHB Tim Tawa 0-0: Foul Ball, location: 3F
0-1: Called Strike
0-2: Ball
1-2: Foul Ball, location: 7LMF
1-2: Foul Ball, location: 3F
1-2: Foul Ball, location: 2F
1-2: Foul Ball, location: 3FF
1-2: Ball
2-2: Ground out 1-3 (Groundball, 13S, EV 65.0 MPH)
Top of the 2nd over - 1 run, 2 hits, 0 errors, 1 left on base; San Jose 2 - Jupiter 2
BOTTOM OF THE 2ND
Jupiter Hammerheads batting - Pitching for San Jose Giants : RHP Mick Abel
Batting: RHB Christian Cairo 0-0: Ball
1-0: Ball
2-0: Ball
3-0: Base on Balls
Batting: SHB D'Shawn Knowles 0-0: Bunt missed!
0-1: Swinging Strike
0-2: Ball
1-2: Strikes out swinging
Batting: RHB Stanley Consuegra 0-0: Called Strike
0-1: Foul Ball, location: 2RF
0-2: Ball
1-2: TRIPLE (Flyball, 78XD, EV 102.5 MPH)
Christian Cairo scores
Batting: LHB Tyler Callihan 0-0: Called Strike
0-1: Called Strike
0-2: Ball
1-2: Strikes out swinging
Batting: RHB Jeremiah Jackson 0-0: Called Strike
0-1: Foul Ball, location: 3F
0-2: Ball
1-2: Ball
2-2: Strikes out swinging
Bottom of the 2nd over - 1 run, 1 hit, 0 errors, 1 left on base; San Jose 2 - Jupiter 3
TOP OF THE 3RD
San Jose Giants batting - Pitching for Jupiter Hammerheads : LHP Brandon Williamson
Batting: RHB Adrian Sugastey 0-0: Ball
1-0: Ball
2-0: Called Strike
2-1: Swinging Strike
2-2: Ball
3-2: Foul Ball, location: 9LDF
3-2: Base on Balls
Batting: SHB Geraldo Quintero 0-0: Called Strike
0-1: Ball
1-1: Fielders Choice at 2nd, 2-4 (Groundball, 15S, EV 67.5 MPH)
Batting: LHB Jesse Franklin V 0-0: 2-RUN HOME RUN (Flyball, 9D, EV 99.4 MPH), Distance : 381 ft
Batting: RHB Ricardo Genoves 0-0: Ball
1-0: SINGLE (Groundball, 56D, EV 111.3 MPH)
Batting: LHB Michael Turconi 0-0: Swinging Strike
0-1: Foul Ball, location: 7LMF
0-2: Grounds into double play, 3-6-3 (Groundball, 3, EV 91.3 MPH)
Top of the 3rd over - 2 runs, 2 hits, 0 errors, 0 left on base; San Jose 4 - Jupiter 3
BOTTOM OF THE 3RD
Jupiter Hammerheads batting - Pitching for San Jose Giants : RHP Mick Abel
Batting: LHB Colin Barber 0-0: Ball
1-0: Called Strike
1-1: Swinging Strike
1-2: Foul Ball, location: 2F
1-2: Ball
2-2: Ball
3-2: Strikes out looking
Batting: SHB Luis Garcia 0-0: Foul Ball, location: 7LDF
0-1: Foul Ball, location: 9LMFF
0-2: Ball
1-2: Foul Ball, location: 7LMF
1-2: Strikes out swinging
Batting: RHB Jauri Custodio 0-0: Ball
1-0: Foul Ball, location: 2F
1-1: Called Strike
1-2: Fly out, F9 (Flyball, 9, EV 91.9 MPH)
Bottom of the 3rd over - 0 runs, 0 hits, 0 errors, 0 left on base; San Jose 4 - Jupiter 3
TOP OF THE 4TH
San Jose Giants batting - Pitching for Jupiter Hammerheads : LHP Brandon Williamson
Batting: RHB Keoni Cavaco 0-0: Called Strike
0-1: Ball
1-1: Foul Ball, location: 3F
1-2: Strikes out looking
Batting: RHB Jasiah Dixon 0-0: Reached via error on a dropped throw from 2B, E3 (Groundball, 4, EV 83.1 MPH)
Batting: LHB Luis Toribio 0-0: Foul Ball, location: 7LDF
0-1: Ball
Jasiah Dixon steals 2nd base
1-1: Fly out, F7 (Line Drive, 7S, EV 91.9 MPH)
Batting: RHB Tim Tawa 0-0: Ball
1-0: SINGLE (Line Drive, 78S, EV 108.1 MPH)
Jasiah Dixon to third
Runner from 3rd tries for Home, SAFE, throw by LF to home
Batting: RHB Adrian Sugastey 0-0: Ball
1-0: Ball
2-0: Called Strike
2-1: Ball
3-1: Called Strike
3-2: Foul Ball, location: 23F
3-2: Strikes out looking
Top of the 4th over - 1 run, 1 hit, 1 error, 1 left on base; San Jose 5 - Jupiter 3
BOTTOM OF THE 4TH
Jupiter Hammerheads batting - Pitching for San Jose Giants : RHP Mick Abel
Batting: RHB Colin Burgess 0-0: Called Strike
0-1: Ball
1-1: Foul Ball, location: 9LDF
1-2: Strikes out looking
Batting: RHB Christian Cairo 0-0: SINGLE (Groundball, 34, EV 110.0 MPH) (infield hit)
Pinch Runner at 1st Ryan Johnson:
Batting: SHB D'Shawn Knowles 0-0: Ball
1-0: Ball
2-0: Ball
3-0: Called Strike
3-1: Swinging Strike
3-2: Strikes out swinging
Batting: RHB Stanley Consuegra 0-0: Ball
1-0: Called Strike
1-1: Fly out, F9 (Line Drive, 9, EV 93.1 MPH)
Bottom of the 4th over - 0 runs, 1 hit, 0 errors, 1 left on base; San Jose 5 - Jupiter 3
TOP OF THE 5TH
San Jose Giants batting - Pitching for Jupiter Hammerheads : LHP Brandon Williamson
Now at 2B: Ryan Johnson
Batting: SHB Geraldo Quintero 0-0: Called Strike
0-1: Ball
1-1: Foul Ball, location: 25F
1-2: Strikes out swinging
Batting: LHB Jesse Franklin V 0-0: Called Strike
0-1: Ball
1-1: Swinging Strike
1-2: Foul Ball, location: 9LMF
1-2: Foul Ball, location: 2F
1-2: Strikes out swinging
Batting: RHB Ricardo Genoves 0-0: TRIPLE (Line Drive, 78XD, EV 104.4 MPH)
Batting: LHB Michael Turconi 0-0: Called Strike
0-1: Ball
1-1: Ball
2-1: Ground out U3 (Groundball, 3L, EV 91.9 MPH)
Top of the 5th over - 0 runs, 1 hit, 0 errors, 1 left on base; San Jose 5 - Jupiter 3
BOTTOM OF THE 5TH
Jupiter Hammerheads batting - Pitching for San Jose Giants : RHP Mick Abel
Batting: LHB Tyler Callihan 0-0: Foul Ball, location: 3SF
0-1: Called Strike
0-2: Ball
1-2: Ball
2-2: Foul Ball, location: 5F
2-2: SOLO HOME RUN (Flyball, 9D, EV 96.9 MPH), Distance : 373 ft
Pitching: RHP Grant Gambrell
Batting: RHB Jeremiah Jackson 0-0: Ball
1-0: Called Strike
1-1: Ball
2-1: Ball
3-1: Foul Ball, location: 2F
3-2: Base on Balls
Batting: LHB Colin Barber 0-0: Called Strike
0-1: Bunt missed!
0-2: Fly out, F9 (Flyball, 89S, EV 91.3 MPH)
Batting: SHB Luis Garcia Pickoff Throw to First - Out! 1-3 CS
0-0: Called Strike
0-1: Ball
1-1: Called Strike
1-2: Ball
2-2: Strikes out looking
Bottom of the 5th over - 1 run, 1 hit, 0 errors, 0 left on base; San Jose 5 - Jupiter 4
TOP OF THE 6TH
San Jose Giants batting - Pitching for Jupiter Hammerheads : LHP Brandon Williamson
Batting: RHB Keoni Cavaco 0-0: Swinging Strike
0-1: Swinging Strike
0-2: Ball
1-2: Strikes out looking
Batting: RHB Jasiah Dixon 0-0: Called Strike
0-1: Ground out 6-3 (Groundball, 6, EV 100.0 MPH)
Batting: LHB Luis Toribio 0-0: Called Strike
0-1: Called Strike
0-2: Foul Ball, location: 5DF
0-2: Ball
1-2: Ball
2-2: Ball
3-2: Foul Ball, location: 5F
3-2: Ground out 4-3 (Groundball, 34D, EV 103.8 MPH)
Top of the 6th over - 0 runs, 0 hits, 0 errors, 0 left on base; San Jose 5 - Jupiter 4
BOTTOM OF THE 6TH
Jupiter Hammerheads batting - Pitching for San Jose Giants : RHP Grant Gambrell
Batting: RHB Jauri Custodio 0-0: Called Strike
0-1: Ball
1-1: Ball
2-1: Foul Ball, location: 5FF
2-2: Ball
3-2: SINGLE (Groundball, 4MD, EV 106.9 MPH)
Pinch Hitting: RHB Tristin English 0-0: Called Strike
Jauri Custodio steals 2nd base
0-1: Foul Ball, location: 23F
0-2: Foul Ball, location: 3SF
0-2: SINGLE (Line Drive, 7S, EV 110.6 MPH)
Jauri Custodio to third
Runner from 3rd tries for Home, SAFE, throw by LF to home
Batting: RHB Ryan Johnson 0-0: Bunted foul
0-1: Ground out 5-3 (Groundball, 5, EV 104.4 MPH)
Tristin English to second
Pinch Hitting: LHB Cuba Bess 0-0: Ball
1-0: Ground out 6-3 (Groundball, 6, EV 81.3 MPH)
Batting: RHB Stanley Consuegra 0-0: Called Strike
0-1: Ball
1-1: Ball
2-1: Fly out, F8 (Flyball, 8LD, EV 90.6 MPH)
Bottom of the 6th over - 1 run, 2 hits, 0 errors, 1 left on base; San Jose 5 - Jupiter 5
TOP OF THE 7TH
San Jose Giants batting - Pitching for Jupiter Hammerheads : LHP Brandon Williamson
Pitching: RHP M.D. Johnson
Now at C: Jose Caguana
Now at 2B: Zavier Warren
Now in LF: Stanley Consuegra
Now in RF: Ryan Johnson
Batting: RHB Tim Tawa 0-0: Called Strike
0-1: Ball
1-1: Ball
2-1: Ball
3-1: Ground out U3 (Groundball, 34, EV 97.5 MPH)
Batting: RHB Adrian Sugastey 0-0: Ball
1-0: Called Strike
1-1: Ball
2-1: Fly out, F8 (Flyball, 8RD, EV 88.1 MPH)
Batting: SHB Geraldo Quintero 0-0: Ball
1-0: Foul Ball, location: 3F
1-1: Called Strike
1-2: Strikes out swinging
Top of the 7th over - 0 runs, 0 hits, 0 errors, 0 left on base; San Jose 5 - Jupiter 5
BOTTOM OF THE 7TH
Jupiter Hammerheads batting - Pitching for San Jose Giants : RHP Grant Gambrell
Batting: LHB Tyler Callihan 0-0: SINGLE (Line Drive, 34, EV 98.8 MPH)
Batting: RHB Jeremiah Jackson 0-0: Ball
1-0: Called Strike
1-1: Bunt missed!
1-2: SINGLE (Line Drive, 7S, EV 110.6 MPH)
Tyler Callihan to second
Pitching: LHP Sean Mellen
Batting: LHB Colin Barber 0-0: Fly out, F7 (Line Drive, 7S, EV 94.4 MPH)
Batting: SHB Luis Garcia 0-0: Called Strike
0-1: Ball
1-1: Fly out, F8 (Flyball, 8RM, EV 88.8 MPH)
Runner from 2nd tags up, SAFE at 3rd with throw by CF
Batting: RHB Jauri Custodio 0-0: Fly out, F9 (Flyball, 9LM, EV 108.1 MPH)
Bottom of the 7th over - 0 runs, 2 hits, 0 errors, 2 left on base; San Jose 5 - Jupiter 5
TOP OF THE 8TH
San Jose Giants batting - Pitching for Jupiter Hammerheads : RHP M.D. Johnson
Pitching: LHP A.J. Block
Batting: LHB Jesse Franklin V 0-0: SINGLE (Flyball, 7LS, EV 95.0 MPH)
Batting: RHB Ricardo Genoves 0-0: Swinging Strike
0-1: Foul Ball, location: 23F
0-2: Foul Ball, location: 2F
0-2: Fly out, F9 (Flyball, 89D, EV 83.1 MPH)
Batting: LHB Michael Turconi 0-0: Ball
1-0: Fly out, F9 (Flyball, 89M, EV 86.3 MPH)
Batting: RHB Keoni Cavaco 0-0: Swinging Strike
0-1: Foul Ball, location: 3FF
0-2: Ball
1-2: Strikes out swinging
Top of the 8th over - 0 runs, 1 hit, 0 errors, 1 left on base; San Jose 5 - Jupiter 5
BOTTOM OF THE 8TH
Jupiter Hammerheads batting - Pitching for San Jose Giants : LHP Sean Mellen
Pitching: RHP Colin Selby
Batting: SHB Zavier Warren 0-0: Ball
1-0: Ball
2-0: Fly out, F8 (Flyball, 8LS, EV 83.1 MPH)
Batting: RHB Ryan Johnson 0-0: Swinging Strike
0-1: Ball
1-1: Called Strike
1-2: Strikes out looking
Batting: RHB Jose Caguana 0-0: Called Strike
0-1: Fly out, F4 (Popup, 3S, EV 77.5 MPH)
Bottom of the 8th over - 0 runs, 0 hits, 0 errors, 0 left on base; San Jose 5 - Jupiter 5
TOP OF THE 9TH
San Jose Giants batting - Pitching for Jupiter Hammerheads : LHP A.J. Block
Pinch Hitting: SHB Elih Marrero 0-0: Fly out, F7 (Flyball, 7, EV 81.3 MPH)
Batting: LHB Luis Toribio 0-0: DOUBLE (Line Drive, 9LM, EV 110.6 MPH)
Batting: RHB Tim Tawa 0-0: Ball
1-0: Foul Ball, location: 9LMF
1-1: Foul Ball, location: 7LSF
1-2: Ball
2-2: Ball
3-2: Fly out, F9 (Flyball, 9, EV 96.3 MPH)
Batting: RHB Adrian Sugastey 0-0: SINGLE (Line Drive, 4D, EV 100.0 MPH)
Luis Toribio to third
Runner from 3rd tries for Home, throw by CF and OUT! 8-2
Top of the 9th over - 0 runs, 2 hits, 0 errors, 1 left on base; San Jose 5 - Jupiter 5
BOTTOM OF THE 9TH
Jupiter Hammerheads batting - Pitching for San Jose Giants : RHP Colin Selby
Pitching: RHP Yerry Rodriguez
Now in CF: Tim Tawa
Now in RF: Alex McKenna
Batting: RHB Stanley Consuegra 0-0: Ball
1-0: Called Strike
1-1: Ball
2-1: Called Strike
2-2: DOUBLE (Line Drive, 7LD, EV 106.9 MPH)
Batting: LHB Tyler Callihan 0-0: Intentional Walk
Batting: RHB Jeremiah Jackson 0-0: Foul Ball, location: 3FF
0-1: Ball
1-1: SINGLE (Groundball, 4MD, EV 95.0 MPH)
Stanley Consuegra to third
Tyler Callihan to second
Runner from 3rd tries for Home, SAFE, throw by CF to home
Bottom of the 9th over - 1 run, 2 hits, 0 errors, 2 left on base; San Jose 5 - Jupiter 6
Monday, February 26th , 2024 - OOTP Baseball 24.11 Build 85